 Dungeon Crawl Stone Soup version 0.31-a0-851-g7ff8af7976 (webtiles) character file.

Game seed: 17576372523370763172

53 Descartes the Sneak (level 3, -7/16 HPs)
             Began as a Spriggan Enchanter on Oct 6, 2023.
             Mangled by Robin
             ... wielding a +2 short sword of electrocution
              (11 damage)
             ... on level 3 of the Dungeon.
             The game lasted 00:02:25 (2119 turns).

Descartes the Sneak (Spriggan Enchanter)            Turns: 2119, Time: 00:02:27

Health: -7/16      AC:  2    Str:  6    XL:     3   Next: 64%
Magic:  8/8        EV: 17    Int: 16    God:
Gold:   119        SH:  0    Dex: 15    Spells: 7/7 levels left

rFire   . . .        a - +1 dagger
rCold   . . .        (no shield)
rNeg    . . .        b - +0 robe
rPois   .            (helmet restricted)
rElec   .            (no cloak)
rCorr   .            (gloves unavailable)
SInv    +            (boots unavailable)
Will    .....        (no amulet)
Stlth   +++          (no ring)
HPRegen 0.22/turn    (no ring)
MPRegen 0.11/turn

%: no passive effects
@: invisible, very quick
A: very small, no large weapons, unfitting armour, see invisible, speed 3
a: no special abilities


You were on level 3 of the Dungeon.
You visited 1 branch of the dungeon, and saw 3 of its levels.

You collected 119 gold pieces.

Inventory:

Hand Weapons
 a - a +1 dagger (weapon)
Missiles
 j - 2 datura-tipped darts
Armour
 b - a +0 robe (worn)
Scrolls
 d - a scroll of identify {unknown}
 f - a scroll of blinking {unknown}
 h - a scroll of immolation {unknown}
 l - a scroll of vulnerability {unknown}
 m - a scroll of summoning {unknown}
 n - a scroll of fear {unknown}
Potions
 c - 2 potions of invisibility
 e - 3 potions of curing {unknown}
 g - a potion of berserk rage {unknown}
 i - a potion of heal wounds {unknown}
 k - a potion of degeneration {unknown}
 o - a potion of attraction {unknown}


   Skills:
 + Level 2.8 Short Blades
 - Level 2.6 Dodging
 + Level 6.0 Stealth
 - Level 2.6 Spellcasting
 - Level 3.6 Hexes


You had 7 spell levels left.
You didn't know any spells.
Your spell library contained the following spells:

 Spells                   Type           Power      Damage    Failure   Level
 Confusing Touch          Hex            13%        N/A       13%         3
 Tukima's Dance           Hex            13%        N/A       13%         3
 Ensorcelled Hibernation  Hex/Ice        14%        N/A       14%         2
 Wereblood                Tmut           2%         N/A       28%         2
 Dazzling Flash           Conj/Hex       14%        N/A       28%         3
 Irradiate                Conj/Tmut      1%         3d12      99%         5


Dungeon Overview and Level Annotations

Branches:
Dungeon (3/15)

Altars:
Hepliaklqana

Annotations:
D:3 Robin


Innate Abilities, Weirdness & Mutations

You are very small and have problems with some larger weapons.
You are too small for most types of armour.
You have supernaturally acute eyesight. (SInv)
You cover ground extremely quickly. (Speed+++)


Message History

The goblin misses you. Robin throws the goblin at you!
The goblin closely misses you.
You barely miss Robin.
Robin is lightly wounded.
The goblin barely misses you. The goblin hits you with a +0 dagger.
The goblin misses you.
Robin's horned helmet rattles.
You hit Robin.
Robin is heavily wounded.
The goblin closely misses you.
You completely miss Robin.
Robin is heavily wounded.
The goblin closely misses you. The goblin hits you with a +0 dagger.
Robin roars a battlecry!
The goblin goes into a battle-frenzy!
The goblin hits you with a +0 dagger.
A bat comes into view.
The goblin shouts!
You fade into invisibility!
The goblin hits you with a +0 club.
The goblin unwields a +0 club.
The goblin wields a +0 sling.
The goblin shoots a sling bullet.
The sling bullet hits the goblin.
The goblin closely misses you. Robin completely misses you.
The goblin misses you.
You hear a bark!
You hit the goblin.
You kill the goblin!
The goblin barely misses you.
Your Stealth skill increases to level 6!
Unknown command.
The jackal barks!
You hit the goblin.
The goblin is heavily wounded.
A jackal comes into view.
The goblin misses you. The goblin closely misses you.
Robin hits you with a +2 short sword of electrocution.
* * * LOW HITPOINT WARNING * * *
You are electrocuted!
Ouch! That really hurt!
You die...
Robin lets out a smug laugh.

#......#..........#.#... ####
###.#..#####..h...........
...#####...#.## ##h.h...##..(...
.........#...# ..gg#...........
...#######..#####g.g............#
.................g.. ........#
gg.######...####.... ....... g..#
##.#.###gg# <..# ###<......g@#
#### #.....#.###g# #######.##..#
##.##.## #...>.# #†....# #....##
######


You could see Robin (unable to see you), 3 jackals, a hobgoblin (strong, unable
to see you) and 7 goblins.

Vanquished Creatures
  An adder (D:2)
  2 worms
  A dart slug (D:2)
  2 bats
  3 endoplasms
  A giant cockroach (D:1)
  A goblin (D:3)
  5 hobgoblins
  4 jackals
  3 quokkas (D:2)
  3 ball pythons
  2 kobolds
  3 rats
31 creatures vanquished.

Notes
Turn   | Place    | Note
-------+----------+-------------------------------------------
     0 | D:1      | Descartes the Spriggan Enchanter began the quest for the
                  | Orb.
     0 | D:1      | Reached XP level 1. HP: 9/9 MP: 5/5
   399 | D:1      | Reached XP level 2. HP: 12/13 MP: 6/6
   745 | D:2      | Found a hazy altar of Hepliaklqana.
   757 | D:2      | Reached skill level 5 in Stealth
  1075 | D:2      | Reached XP level 3. HP: 9/16 MP: 8/8
  1704 | D:3      | Noticed Robin
  2119 | D:3      | Reached skill level 6 in Stealth
  2119 | D:3      | Mangled by Robin

Illustrated notes

Levels and vault maps discovered:
D:1:      minmay_arrival_five_plusses, layout_basic, minivault_26
D:2:      layout_basic, basic_altar
D:3:      layout_rooms, general_overflow_altar, minmay_misc_feat_secret_circle,
          uniq_robin

Skill      XL: |  1  2  3 |
---------------+----------+-----
Stealth        | 5 6 |  6.0
Short Blades   | 2 |  2.8
Dodging        | |  2.6
Spellcasting   | |  2.6
Hexes          | |  3.6

Action                     || total
---------------------------++-------
  Melee: Dagger            ||   177
         Punch             ||     3
    Use: Potion            ||     1
   Stab: Sleeping          ||     8
 Armour: Robe              ||    57
  Dodge: Dodged            ||   142

Table legend: (Time is in decaauts)
 A = Elapsed time spent in this place.
 B = Non-inter-level travel time spent in this place.
 C = Inter-level travel time spent in this place.
 D = Time resting spent in this place.
 E = Time spent auto-exploring this place.
 F = Levels seen in this place.
 G = Mean time per level.
                   A        B        C        D        E       F      G
               +--------+--------+--------+--------+--------+-----+--------+
         Total |   1464 |   1418 |     46 |      0 |   1087 |   3 |  488.0 |
       Dungeon |   1464 |   1418 |     46 |      0 |   1087 |   3 |  488.0 |
               +--------+--------+--------+--------+--------+-----+--------+

Top non-repeatable levels by time:
     D:2: 773 daAuts
     D:1: 467 daAuts
     D:3: 223 daAuts
